 Dungeon Crawl Stone Soup version 0.28.0-47-ge53b351184 (webtiles) character file.

Game seed: 5545310154606383305

297 Allula97 the Slasher (level 6, -1/46 HPs)
             Began as a Demonspawn Gladiator on Apr 28, 2022.
             Was a Plaything of Xom.
             Slain by a kobold brigand
             ... wielding a +0 dagger
              (2 damage)
             ... on level 4 of the Dungeon.
             The game lasted 00:04:18 (3419 turns).

Allula97 the Slasher (Demonspawn Gladiator)         Turns: 3419, Time: 00:04:20

Health: -1/46      AC:  5    Str: 16    XL:     6   Next: 12%
Magic:  6/6        EV: 12    Int:  8    God:    Xom [*.....]
Gold:   130        SH:  0    Dex: 14    Spells: 5/5 levels left

rFire   . . .      SeeInvis .   a - +1 long sword
rCold   . . .      Faith    .   (no shield)
rNeg    . . .      Spirit   .   b - +0 leather armour
rPois   .          Reflect  .   (helmet restricted)
rElec   +          Harm     .   (no cloak)
rCorr   .          Rampage  .   (no gloves)
Will    +....      Rage     1%  (no boots)
Stlth   ++........              h - amulet of regeneration
HPRegen 0.95/turn               (no ring)
MPRegen 0.10/turn               (no ring)

@: no status effects
A: horns 2, yellow scales 1, foul stench 1, berserk 1, dopey 1, strong-willed 1,
electricity resistance
a: Renounce Religion


You were on level 4 of the Dungeon.
You worshipped Xom.
You were a special plaything of Xom.
You visited 1 branch of the dungeon, and saw 4 of its levels.

You collected 130 gold pieces.

Inventory:

Hand Weapons
 a - a +1 long sword (weapon)
Missiles
 d - 3 throwing nets (quivered)
Armour
 b - a +0 leather armour (worn)
 c - a +0 helmet
Jewellery
 h - an amulet of regeneration (around neck)
Wands
 j - a wand of flame (6)
Potions
 i - a potion of cancellation


   Skills:
 * Level 2.8 Fighting
 * Level 4.4 Long Blades
 + Level 1.8 Throwing
 * Level 2.5 Armour
 * Level 3.4 Dodging
 * Level 1.6 Stealth


You had 5 spell levels left.
You didn't know any spells.
Your spell library contained the following spells:

 Spells                   Type           Power      Damage    Failure   Level
 Sting                    Tmut/Pois      0%         1d3       45%         1
 Poisonous Vapours        Pois/Air       0%         N/A       61%         2
 Olgreb's Toxic Radiance  Pois           0%         N/A       99%         4


Dungeon Overview and Level Annotations

Branches:
Dungeon (4/15)
 Temple: D:4-7

Altars:
Xom


Innate Abilities, Weirdness & Mutations

You have a pair of horns on your head.
You are partially covered in yellow scales. (AC +2)
You may rarely emit foul miasma when damaged in melee.
You tend to lose your temper in combat.
You are dopey. (Int -2)
You are strong-willed. (Will+)
You are resistant to electric shocks. (rElec)


Message History

The adder poisons you! The adder bites you but does no damage.
You barely miss the adder.
The adder is moderately wounded.
You feel sick. The adder bites you but does no damage. The adder bites you.
You miss the adder.
The adder is moderately wounded.
You feel sick. The adder closely misses you.
You closely miss the adder.
The adder is moderately wounded.
You feel sick. The adder bites you.
You are more poisoned.
The adder poisons you! The adder barely misses you.
You slash the adder!
You kill the adder!
You feel sick.
You closely miss the kobold brigand.
You feel sick.
The kobold brigand hits you with a +0 dagger!
* * * LOW HITPOINT WARNING * * *
You closely miss the kobold brigand. You headbutt the kobold brigand!
The kobold brigand is moderately wounded.
You feel sick.
The kobold brigand hits you with a +0 dagger.
* * * LOW HITPOINT WARNING * * *
It was a potion of cancellation.
You feel magically purged.
Xom is highly amused!
You feel sick.
The kobold brigand hits you with a +0 dagger.
* * * LOW HITPOINT WARNING * * *
You hit the kobold brigand.
The kobold brigand is moderately wounded.
You feel sick.
The kobold brigand hits you with a +0 dagger.
* * * LOW HITPOINT WARNING * * *
You barely miss the kobold brigand.
The kobold brigand is moderately wounded.
You feel sick.
You are no longer poisoned.
The kobold brigand hits you with a +0 dagger.
You die...
Xom snickers!

## ## .. .o
#.#o# ...
... #.# #o#
#####K###
#...§§@§#
#...§§#.#
#...§§.§§.
#.....#.###
.......[.#
##.##.#####
#. #. #.


You could see a kobold brigand and an orc.

Vanquished Creatures
  Sigmund (D:2)
  2 electric eels (D:3)
  An adder (D:4)
  A dart slug (D:1)
  2 orcs (D:4)
  2 bats
  3 endoplasms
  2 giant cockroaches
  3 goblins (D:1)
  8 hobgoblins
  4 kobolds
  3 quokkas
  5 ball pythons
  2 frilled lizards
  4 rats (D:1)
43 creatures vanquished.

Notes
Turn   | Place    | Note
-------+----------+-------------------------------------------
     0 | D:1      | Allula97 the Demonspawn Gladiator began the quest for the
                  | Orb.
     0 | D:1      | Reached XP level 1. HP: 16/16 MP: 1/1
   411 | D:1      | Gained mutation: You may rarely emit foul miasma when
                  | damaged in melee. [demonic ancestry]
   411 | D:1      | Reached XP level 2. HP: 20/22 MP: 2/2
   677 | D:1      | Gained mutation: You have hidden genetic defects. [potion
                  | of mutation]
   677 | D:1      | Gained mutation: You are strong-willed. (Will+) [potion of
                  | mutation]
   677 | D:1      | Gained mutation: You are resistant to electric shocks.
                  | (rElec) [potion of mutation]
   679 | D:1      | HP: 1/22 [endoplasm (1)]
  1017 | D:1      | Gained mutation: You tend to lose your temper in combat.
                  | [hidden defects]
  1166 | D:1      | Reached skill level 3 in Long Blades
  1366 | D:1      | Gained mutation: You are dopey. (Int -2) [hidden defects]
  1366 | D:1      | Lost mutation: You have hidden genetic defects. [hidden
                  | defects expressed]
  1777 | D:2      | Gained mutation: You are partially covered in yellow
                  | scales. (AC +2) [demonic ancestry]
  1777 | D:2      | Reached XP level 3. HP: 27/27 MP: 3/3
  1830 | D:2      | Noticed Sigmund
  1843 | D:2      | Killed Sigmund
  1844 | D:2      | Reached skill level 1 in Stealth
  1844 | D:2      | Gained mutation: You have a pair of small horns on your
                  | head. [demonic ancestry]
  1844 | D:2      | Reached XP level 4. HP: 12/34 MP: 4/4
  1844 | D:2      | Reached XP level 5. HP: 14/39 MP: 5/5
  2067 | D:2      | Reached skill level 4 in Long Blades
  2138 | D:2      | Found a faded altar of an unknown god.
  2197 | D:2      | Prayed at the altar of an unknown god.
  2197 | D:2      | Became a worshipper of Xom of Ineffable Intent
  2578 | D:2      | XOM: summons 4 hostile shadow creatures
  2908 | D:3      | XOM: 5-stop teleportation journey
  2956 | D:3      | Found a transporter.
  2979 | D:3      | Gained mutation: You have a pair of horns on your head.
                  | [demonic ancestry]
  2979 | D:3      | Reached XP level 6. HP: 28/46 MP: 6/6
  2979 | D:3      | Found a transporter.
  3407 | D:4      | XOM: fog
  3418 | D:4      | HP: 1/46 [kobold brigand/+0 dagger (3)]
  3419 | D:4      | Slain by a kobold brigand

Illustrated notes

Levels and vault maps discovered:
D:1:      minmay_arrival_four_houses, layout_loops_corners
D:2:      layout_loops_corners, hellmonk_ecumenical_altar_run_dry, uniq_sigmund
D:3:      gammafunk_steamed_eel, layout_loops_ring
D:4:      layout_loops_ring, tso_metal_star

Skill      XL: |  1  2  3  4  5 |
---------------+----------------+-----
Long Blades    | 3 4 |  4.4
Armour         | 2 |  2.5
Dodging        | 3 |  3.4
Stealth        | 1 |  1.6
Fighting       | |  2.8
Throwing       | |  1.8

Action                   |  1- 3 |  4- 6 || total
-------------------------+-------+-------++-------
Melee: Long sword        |    80 |    67 ||   147
       Punch             |     4 |     3 ||     7
       Headbutt          |       |     8 ||     8
Throw: Throwing net      |     3 |       ||     3
  Use: Potion            |     1 |     1 ||     2
       Scroll            |       |     4 ||     4
 Stab: Sleeping          |     1 |     2 ||     3
Armor: Leather armour    |    22 |    31 ||    53
Dodge: Dodged            |    47 |    47 ||    94
